Map: Eastwatch LE

Players

Rob

  • Race: Protoss Protoss
  • League: Grandmaster
  • Spawn Location: 1:00

Jason - Winner!

  • Race: Terran Terran
  • League: Grandmaster
  • Spawn Location: 7:00

VOD

Have the link to the VOD?

Description

Time

  • Played on: May 14, 2019, 1:36 p.m.
  • Length: 14:23
Show
View Real Time Build Order
Export as new Build Order

Rob Protoss 

Build Orders:  

Get SALT Encoding   

  12  0:00  Probe  
  13  0:12  Probe  
  14  0:17  Pylon  
  14  0:24  Probe  
  15  0:32  Probe  
  15  0:39  Gateway  
  15  0:40  Probe  
  17  0:59  Pylon  
  17  1:09  Probe  
  18  1:17  Gateway  
  18  1:18  Gateway  
  18  1:22  Assimilator  
  18  1:27  Cybernetics Core  
  18  1:33  Assimilator  
  18  1:35  Probe  
  19  1:48  Probe  
  20  2:00  Probe  
  21  2:10  Stalker x2  
  21  2:14  Probe  
  21  2:19  Stalker  
  27  2:24  Pylon  
  27  2:27  Probe  
  28  2:39  Stalker  
  30  2:47  Stalker  
  32  2:57  Stalker  
  34  3:07  Pylon  
  34  3:16  Stalker  
  34  3:38  Probe  
  35  3:48  Nexus  
  35  3:49  Sentry  
  35  3:53  Pylon  
  35  3:54  Probe  
  38  4:06  Probe  
  38  4:09  Warp Gate  
  35  4:14  Twilight Council  
  35  4:18  Probe  
  36  4:24  Forge  
  36  4:29  Probe  
  36  4:31  Phoenix  
  36  4:37  Probe  
  37  4:44  Sentry x2  
  42  4:46  Probe  
  43  4:53  Dark Shrine  
  43  4:58  Probe  
  44  5:03  Probe  
  45  5:10  Probe  
  45  5:12  Robotics Facility  
  46  5:15  Probe  
  47  5:22  Probe  
  47  5:23  Probe  
  47  5:28  Protoss Ground Weapons Level 1  
  49  5:31  Probe  
  49  5:34  Probe  
  51  5:37  Shield Battery  
  51  5:40  Shield Battery  
  51  5:42  Probe  
  51  5:46  Probe, Gateway  
  51  5:48  Warp Prism  
  51  5:49  Gateway  
  53  5:57  Probe  
  57  6:04  Pylon  
  58  6:15  Nexus  
  56  6:19  Charge  
  56  6:20  Shadow Stride  
  56  6:22  Probe x2  
  58  6:26  Assimilator  
  58  6:28  Assimilator  
  58  6:34  Probe x2  
  58  6:37  Pylon  
  60  6:46  Probe x2  
  62  6:58  Probe x2  
  64  7:06  Gateway x2  
  64  7:09  Gateway  
  64  7:10  Probe x2  
  64  7:12  Gateway x2  
  66  7:16  Zealot  
  66  7:20  Dark Templar  
  66  7:22  Dark Templar  
  72  7:28  Probe x2  
  74  7:35  Dark Templar x2  
  76  7:45  Dark Templar  
  76  7:50  Gateway  
  78  7:55  Gateway  
  78  8:01  Dark Templar x2  
  78  8:02  Zealot  
  84  8:07  Pylon  
  84  8:09  Pylon  
  84  8:10  Probe  
  84  8:11  Protoss Ground Armor Level 1  
  84  8:14  Zealot x2  
  84  8:16  Probe x2  
  84  8:18  Zealot  
  93  8:21  Probe  
  93  8:22  Pylon  
  94  8:29  Dark Templar x2  
  98  8:35  Zealot x2  
  98  8:36  Zealot  
  104  8:41  Zealot x2  
  108  8:50  Dark Templar x2  
  108  8:51  Zealot  
  114  9:00  Zealot  
  116  9:04  Pylon  
  116  9:06  Pylon  
  116  9:08  Pylon  
  116  9:21  Pylon x2  
  116  9:23  Pylon  
  112  9:30  Archon  
  82  9:33  Zealot x9  
  82  9:34  Zealot  
  74  9:54  Zealot x7  
  74  9:55  Zealot  
  74  9:57  Dark Templar  
  88  10:01  Dark Templar  
  84  10:18  Dark Templar x5  
  84  10:19  Zealot  
  82  10:22  Zealot  
  84  10:29  Assimilator  
  84  10:30  Assimilator  
  84  10:31  Pylon  
  84  10:40  Zealot x4  
  90  10:49  Zealot x4  
  98  10:54  Dark Templar  
  100  11:02  Dark Templar x3  
  102  11:06  Dark Templar  
  104  11:12  Zealot x3  
  104  11:17  Zealot x2  
  109  11:42  Zealot x7  
  105  12:04  Dark Templar x4  
  91  12:18  Dark Templar x3  
  79  12:35  Dark Templar  
  65  12:39  Zealot x4  
  73  13:04  Nexus  
  71  13:09  Dark Templar x2  
  75  13:19  Dark Templar  
  77  13:26  Dark Templar  
  79  13:27  Dark Templar  
  81  13:34  Zealot  
  83  13:44  Zealot  
  85  14:02  Dark Templar  
  82  14:03  Dark Templar  
  82  14:09  Dark Templar  
  74  14:18  Archon  
  74  14:22  Nexus  
Show
View Real Time Build Order
Export as new Build Order

Jason Terran - Winner!

Build Orders:  

Get SALT Encoding   

  12  0:01  SCV  
  13  0:13  SCV  
  14  0:18  Supply Depot  
  14  0:25  SCV  
  15  0:29  Refinery  
  15  0:39  SCV  
  16  0:45  Barracks  
  16  0:53  SCV  
  17  1:05  SCV  
  18  1:17  SCV  
  20  1:32  Reaper, Orbital Command  
  20  1:46  Command Center  
  20  1:58  Supply Depot  
  20  2:00  SCV  
  21  2:05  Barracks Reactor  
  21  2:12  SCV  
  21  2:13  Refinery  
  22  2:21  Factory  
  22  2:25  SCV  
  23  2:37  SCV  
  23  2:39  Bunker  
  23  2:41  Marine x2  
  25  2:59  Marine x2  
  25  3:02  Bunker  
  26  3:06  Widow Mine  
  27  3:25  Marine  
  24  3:36  Marine  
  24  3:39  Orbital Command  
  25  3:43  Factory Tech Lab  
  25  3:45  SCV  
  25  3:55  Starport  
  25  3:57  SCV  
  25  4:09  SCV  
  27  4:10  SCV  
  27  4:15  Siege Tank  
  30  4:21  SCV  
  31  4:25  Marine x2  
  31  4:28  SCV  
  34  4:33  Starport Tech Lab  
  34  4:34  SCV  
  35  4:40  SCV  
  35  4:41  Supply Depot  
  35  4:42  Orbital Command  
  35  4:44  Marine x2  
  38  4:46  SCV  
  42  4:56  Raven  
  41  5:00  SCV  
  41  5:02  Marine x2  
  44  5:08  SCV  
  44  5:10  Refinery  
  44  5:12  SCV  
  46  5:18  Barracks  
  46  5:19  Marine  
  46  5:20  SCV, Marine  
  46  5:21  Barracks  
  49  5:26  Siege Tank  
  52  5:29  SCV  
  52  5:33  SCV  
  54  5:37  Bunker  
  54  5:47  Supply Depot  
  54  5:55  Starport Reactor, Engineering Bay  
  54  6:03  Stimpack  
  54  6:09  SCV x2, Marine  
  54  6:11  Factory Reactor  
  57  6:15  Combat Shield  
  57  6:16  Marine x3  
  60  6:21  SCV x2  
  62  6:26  Terran Infantry Weapons Level 1  
  62  6:28  Supply Depot  
  62  6:30  Supply Depot  
  62  6:37  Supply Depot  
  62  6:49  SCV x2, Marauder, Marine x2  
  62  6:50  Marauder  
  70  6:54  Missile Turret, Supply Depot x2  
  70  6:56  Medivac  
  70  6:57  Medivac  
  70  7:00  Widow Mine  
  76  7:01  SCV  
  76  7:03  Widow Mine  
  76  7:04  SCV  
  80  7:11  Supply Depot, Marine x2  
  80  7:14  SCV  
  83  7:16  SCV  
  83  7:17  Marine  
  83  7:19  Marine  
  86  7:25  Widow Mine x2  
  86  7:29  Marine x2  
  92  7:35  SCV, Marine  
  94  7:43  SCV  
  95  7:48  Command Center  
  95  7:50  Widow Mine  
  97  7:56  Widow Mine  
  98  8:03  SCV, Marine x2  
  98  8:04  Marauder  
  103  8:11  Marine  
  103  8:12  Widow Mine  
  106  8:17  Widow Mine  
  106  8:19  Command Center  
  108  8:22  Missile Turret  
  108  8:23  Marine x2  
  110  8:37  Supply Depot x2  
  110  8:38  SCV x2, Marine x2  
  114  8:42  Widow Mine  
  114  8:43  Widow Mine  
  117  9:02  Marine x2  
  121  9:03  Marauder  
  121  9:04  Widow Mine  
  121  9:07  SCV  
  124  9:10  Supply Depot, Barracks  
  124  9:18  Medivac  
  124  9:21  Marine  
  111  9:32  Medivac  
  111  9:33  Marauder, Marine x2  
  116  9:39  SCV  
  105  9:46  Widow Mine  
  105  9:48  Marine  
  105  9:50  Marine  
  105  9:51  Marauder  
  107  9:54  Marine  
  107  9:57  SCV  
  107  9:58  SCV  
  110  10:02  Barracks Tech Lab  
  110  10:06  Marine, Barracks  
  111  10:07  Barracks  
  111  10:08  Marine  
  102  10:18  Widow Mine, Marine x2  
  102  10:19  SCV x2  
  101  10:22  Orbital Command  
  101  10:24  Marine  
  101  10:27  Marine x2  
  104  10:31  SCV x2  
  104  10:36  Marauder x2  
  104  10:42  Marine  
  109  10:45  SCV x2, Marine x2  
  109  10:48  SCV  
  114  10:54  Refinery, Barracks Tech Lab x2  
  114  10:57  Terran Infantry Armor Level 1, Marine x2  
  114  11:03  Marine  
  117  11:05  Widow Mine x2  
  117  11:09  Marauder, Marine  
  124  11:13  SCV, Medivac x2  
  124  11:14  SCV x2  
  124  11:16  Marauder  
  133  11:22  Marine x2  
  133  11:23  Marauder, Marine  
  135  11:26  Widow Mine x2  
  135  11:29  Marine  
  135  11:30  Marine  
  139  11:37  Marauder  
  139  11:39  Orbital Command  
  140  11:40  Marine x2  
  140  11:41  Marauder  
  140  11:43  Medivac x2  
  140  11:44  Marine  
  143  11:47  Marine  
  143  11:48  Marine  
  137  11:58  Marine  
  136  12:06  Orbital Command  
  116  12:27  Widow Mine  
  112  12:34  SCV, Marine x2  
  112  12:35  Marauder, Marine x2  
  112  12:36  Marauder, Marine  
  113  12:38  SCV  
  114  12:52  Marine x2  
  114  12:53  Marauder x2, Missile Turret  
  114  12:54  Marine  
  114  12:57  Orbital Command  
  119  12:59  Medivac  
  119  13:00  Marine  
  119  13:01  Marine  
  123  13:10  SCV x2, Marine x2  
  123  13:12  Marauder  
  129  13:14  Marine x2  
  129  13:18  Marine  
  132  13:22  SCV x2  
  132  13:23  Viking  
  132  13:26  SCV  
  137  13:34  SCV  
  137  13:35  Marine x2  
  137  13:36  Marauder  
  137  13:37  SCV  
  143  13:42  Marine x3  
  143  13:45  SCV  
  143  13:46  SCV  
  148  13:52  SCV, Marine  
  148  13:53  Marine  
  146  13:55  Marine  
  146  13:56  Marine  
  146  13:57  SCV  
  146  14:01  Marauder, Marine x2  
Tags
 
Add a new tag
Caveats
  • Supply blocks, unpowered buildings, or Contaminate may cause inaccurate times.
  • Supply counts are checked every 10 seconds.